 Dungeon Crawl Stone Soup version 0.19-b1-4-gd8a0a2a (webtiles) character file.

88 gluemaker the Vexing (level 4, 0/35 HPs)
             Began as a Draconian Arcane Marksman on Oct 30, 2016.
             Slain by a worker ant (1 damage)
             ... on level 3 of the Dungeon.
             The game lasted 00:26:40 (2546 turns).

gluemaker the Vexing (Draconian Arcane Marksman)    Turns: 2546, Time: 00:26:40

Health: 0/35       AC:  6    Str: 12 (13) XL:     4   Next: 29%
Magic:  6/6        EV: 12    Int: 13 (14) God:
Gold:   106        SH:  0    Dex: 10 (11) Spells: 2 memorised, 3 levels left

rFire  . . .     SeeInvis .     a - +1 hunting sling
rCold  . . .     Gourm    .     (armour unavailable)
rNeg   . . .     Faith    .     (no shield)
rPois  .         Spirit   .     (helmet restricted)
rElec  .         Reflect  .     (no cloak)
rCorr  .         Harm     .     q - +0 pair of gloves (curse)
MR     .....     Rnd*Tele +     (no boots)
Stlth  +.........               (no amulet)
                                (no ring)
                                o - ring of teleportation (curse)

@: lethally poisoned (0 -> -18), very slightly contaminated, invisible
A: unfitting armour, cold-blooded, AC +5
a: no special abilities


You were on level 3 of the Dungeon.
You were not hungry.

You visited 1 branch of the dungeon, and saw 3 of its levels.

You collected 106 gold pieces.

Inventory:

Hand Weapons
 a - a +1 hunting sling (weapon)
 i - a +0 hunting sling
 j - a +0 dagger
 w - a +0 blowgun
Missiles
 h - 52 arrows
 l - 22 stones (quivered)
 p - 24 poisoned needles
 u - 18 bolts
Armour
 b - a +0 ring mail
 q - a cursed +0 pair of gloves (worn)
 r - a +0 leather armour
Jewellery
 o - a cursed ring of teleportation (left hand)
Scrolls
 s - a scroll of identify
 t - 2 scrolls of amnesia
 y - a scroll of recharging {unknown}
Potions
 g - a potion of heal wounds {unknown}
 m - 2 potions of curing {unknown}
 n - a potion of agility {unknown}
 B - a potion of might {unknown}
Books
 e - a book of Debilitation

   Spells                             Type                      Level
   a - Corona                         Hexes                        1
   b - Slow                           Hexes                        2
   c - Gell's Gravitas                Hexes/Translocation          3
   d - Inner Flame                    Hexes/Fire                   3
   e - Cause Fear                     Hexes                        4
   f - Leda's Liquefaction            Hexes/Earth                  4
 v - a book of Maledictions

   Spells                             Type                      Level
   a - Corona                         Hexes                        1
   b - Ensorcelled Hibernation        Hexes/Ice                    2
   c - Confuse                        Hexes                        3
   d - Tukima's Dance                 Hexes                        3
   e - Dazzling Spray                 Conjuration/Hexes            3
 C - a book of Cantrips

   Spells                             Type                      Level
   a - Confusing Touch                Hexes                        1
   b - Animate Skeleton               Necromancy                   1
   c - Summon Small Mammal            Summoning                    1
   d - Apportation                    Translocation                1
Comestibles
 d - 3 bread rations
 k - 6 fruits
 x - a beef jerky
 z - 3 chunks of flesh


   Skills:
 + Level 1.5 Fighting
 + Level 3.1 Slings
 + Level 2.0 Dodging
 + Level 1.8 Spellcasting
 + Level 3.1 Hexes


You had 3 spell levels left.
You knew the following spells:

 Your Spells              Type           Power        Failure   Level  Hunger
a - Corona                Hex            #......      10%         1    ##.....
b - Slow                  Hex            #.......     12%         2    ###....


Dungeon Overview and Level Annotations

Branches:
Dungeon (3/15)

Altars:
Sif Muna
Zin


Innate Abilities, Weirdness & Mutations

Your plain brown scales are hard. (AC +5)
You cannot fit into any form of body armour.
You are cold-blooded and may be slowed by cold attacks.


Message History

You shoot a stone.
The stone hits the worker ant but does no damage.
The worker ant is severely wounded.
* * * LOW HITPOINT WARNING * * *
You feel sick. The worker ant bites you.
* * * LOW HITPOINT WARNING * * *
You are more poisoned.
The worker ant poisons you!
It was a potion of invisibility.
You fade into invisibility!
* * * LOW HITPOINT WARNING * * *
You feel sick. The worker ant closely misses you.
You are very lightly contaminated with residual magic.
Unknown command.
It was a potion of degeneration.
There was something very wrong with that liquid.
You feel weakened.
You feel dopey.
You feel clumsy.
* * * LOW HITPOINT WARNING * * *
You feel sick. The worker ant bites you.
You die...

#........)...#
##########...#.........
##.##....8.... #.#
...8.8..# #.# #.8._.8.#
#.# #..8.8..# #.#
#...8...# #.###.......#
#.##@a..(..(#
#.##.#.######
##.####.##.#.###
#..............#
........##.#.#......
##.######....##.....
#.# #........... #. #.#
#...###..... #. #.#
##.## .... #....


You could see a worker ant.

Vanquished Creatures
  2 adders (D:2)
  2 oozes
  4 worms
  A dart slug (D:3)
  A leopard gecko (D:1)
  3 bats
  2 giant cockroaches
  5 hobgoblins
  4 jackals (D:3)
  A quokka (D:3)
  A ball python (D:3)
  5 frilled lizards
  6 goblins
  4 kobolds
  6 rats
47 creatures vanquished.

Notes
Turn   | Place    | Note
-------+----------+-------------------------------------------
     0 | D:1      | gluemaker the Draconian Arcane Marksman began the quest for the Orb.
     0 | D:1      | Reached XP level 1. HP: 16/16 MP: 2/2
   159 | D:1      | Reached XP level 2. HP: 23/23 MP: 3/3
   497 | D:1      | Learned a level 2 spell: Slow
   808 | D:2      | Found a deep blue altar of Sif Muna.
   814 | D:2      | Found a glowing silver altar of Zin.
   853 | D:2      | Reached XP level 3. HP: 28/28 MP: 4/4
  2196 | D:3      | Reached XP level 4. HP: 35/35 MP: 4/6
  2512 | D:3      | Found a faded altar of an unknown god.
  2546 | D:3      | HP: 1/35 [poisoned by a worker ant]
  2546 | D:3      | Slain by a worker ant

Skill      XL: |  1  2  3  4 |
---------------+-------------+-----
Slings         | 2 3 |  3.1
Hexes          | 3 |  3.1
Dodging        | 2 |  2.0
Fighting       | |  1.5
Spellcasting   | |  1.8

Action                   |  1- 3 |  4- 6 || total
-------------------------+-------+-------++-------
 Fire: Hunting sling     |   104 |    55 ||   159
 Cast: Corona            |    22 |     5 ||    27
       Slow              |     5 |     1 ||     6
  Use: Scroll            |     4 |       ||     4
       Potion            |       |     2 ||     2
  Eat: Chunk             |     2 |       ||     2
       Bread ration      |     1 |       ||     1
       Fruit             |     1 |       ||     1
Armor: Skin              |    15 |     6 ||    21
Dodge: Dodged            |    29 |    23 ||    52
